 Dungeon Crawl Stone Soup version 0.27.1-1-g398f81649c (webtiles) character file.

Game seed: 835699573783990712

482 calewdscratch the Conjurer (level 7, -3/36 HPs)
             Began as a Gargoyle Conjurer on Sept 11, 2021.
             Was an Initiate of Vehumet.
             Slain by Sigmund (15 damage)
             ... on level 5 of the Dungeon on Sept 12, 2021.
             The game lasted 01:03:39 (6114 turns).

calewdscratch the Conjurer (Gargoyle Conjurer)      Turns: 6114, Time: 01:03:40

Health: -3/36      AC:  7    Str: 11    XL:     7   Next: 12%
Magic:  5/13       EV: 11    Int: 20    God:    Vehumet [......]
Gold:   224        SH:  0    Dex:  8    Spells: 11/14 levels left

rFire    + . .     SeeInvis .   s - +3 spear
rCold    . . .     Faith    .   (no shield)
rNeg     + + .     Spirit   .   l - +0 robe
rPois    ∞         Reflect  .   (no helmet)
rElec    +         Harm     .   (no cloak)
rCorr    .         Rampage  .   g - +0 pair of gloves
Will     .....                  (no boots)
Stlth    ++........             (no amulet)
HPRegen  0.12/turn              q - ring of protection from fire
MPRegen  0.13/turn              u - ring of positive energy

@: no status effects
A: sickness immunity, AC +4, negative energy resistance 1, electricity
resistance, torment resistance 1, petrification resistance
a: Renounce Religion


You were on level 5 of the Dungeon.
You worshipped Vehumet.
Vehumet was noncommittal.
You visited 1 branch of the dungeon, and saw 5 of its levels.

You collected 224 gold pieces.

Inventory:

Hand Weapons
 a - a +0 flail
 e - a +1 whip of electrocution
 m - a +0 mace
 s - a +3 spear (weapon)
Missiles
 b - 96 stones
 d - 20 poisoned darts
Armour
 g - a +0 pair of gloves (worn)
 l - a +0 robe (worn)
 o - a +0 leather armour
Jewellery
 i - a ring of ice
 q - a ring of protection from fire (left hand)
 u - a ring of positive energy (right hand)
Scrolls
 c - a scroll of magic mapping {unknown}
 f - 2 scrolls of amnesia {unknown}
 h - 7 scrolls of identify {unknown}
 k - 3 scrolls of noise {unknown}
 n - a scroll of teleportation {unknown}
 p - a scroll of fog {unknown}
 r - a scroll of enchant weapon {unknown}
 x - a scroll of enchant armour {unknown}
Potions
 j - 4 potions of curing {unknown}
 t - a potion of haste {unknown}
 v - a potion of degeneration {unknown}
 w - a potion of cancellation {unknown}


   Skills:
 - Level 1.5 Dodging
 - Level 2.1 Stealth
 + Level 4.4 Spellcasting
 + Level 6.4 Conjurations
 * Level 3.1 Hexes


You had 11 spell levels left.
You knew the following spells:

 Your Spells              Type           Power      Damage    Failure   Level
a - Magic Dart            Conj           100%       1d8       1%          1
b - Searing Ray           Conj           60%        3d5       1%          2

Your spell library contained the following spells:

 Spells                   Type           Power      Damage    Failure   Level
 Dazzling Flash           Conj/Hex       46%        N/A       4%          3
 Tukima's Dance           Hex            17%        N/A       10%         3
 Fulminant Prism          Conj/Hex       11%        3d9       17%         4
 Iskenderun's Mystic Bla  Conj/Tloc      17%        2d5       32%         4
 Passage of Golubria      Tloc           N/A        N/A       77%         4
 Yara's Violent Unravell  Hex/Tmut       5%         3d4       87%         5


Dungeon Overview and Level Annotations

Branches:
Dungeon (5/15)             Temple (0/1) D:4

Altars:
Dithmenos
Gozag
Trog
Vehumet

Shops:
D:4 :

Annotations:
D:5 Sigmund


Innate Abilities, Weirdness & Mutations

You are immune to sickness and miasma.
Your stone body is resilient. (AC +4)
You are immune to poison.
You resist negative energy. (rN+)
You are resistant to electric shocks. (rElec)
You are resistant to unholy torment.
You are immune to petrification.


Message History

The magic dart hits Sigmund.
Sigmund is lightly wounded.
Casting: Magic Dart (safe; 1% risk of failure)
Confirm with . or Enter, or press ? or * to list all spells.
Aiming: Searing Ray (safe; 1% risk of failure)
Press: ? - help, Shift-Dir - straight line, f/p - Sigmund
Aim: Sigmund, wielding a +0 scythe and wearing a +0 robe (lightly wounded, 77% to hit)
The searing ray hits Sigmund!
Sigmund is heavily wounded. (Press . to maintain the ray.)
The searing ray misses Sigmund.
The searing ray misses Sigmund.
Sigmund drinks a potion.
Sigmund seems to grow stronger.
The searing ray misses Sigmund.
You finish channeling your searing ray.
Sigmund screams, "You will never...
NEVER!!!"
Sigmund gestures at you while chanting.
You are confused.
You're too confused to move!
Sigmund casts a spell.
Sigmund flickers and vanishes!
Deactivating autopickup; reactivate with Ctrl-A.
You bump into the rock wall.
Something hits you. Something hits you!
You're too confused to move!
Something hits you.
You're too confused to move!
You feel less confused. Something hits you but does no damage.
Casting: Searing Ray (safe; 1% risk of failure)
Confirm with . or Enter, or press ? or * to list all spells.
You can't see any susceptible monsters within range! (Use Z to cast anyway.) Unknown command.
Casting: Searing Ray (safe; 1% risk of failure)
Confirm with . or Enter, or press ? or * to list all spells.
Aiming: Searing Ray (safe; 1% risk of failure)
Press: ? - help, Shift-Dir - straight line The searing ray hits something! (Press . to maintain the ray.)
Something hits you!
You die...

... #..#.# ###
#..#.# #########
#..#.## ........#
#..#..# .........
...##.# ........#
#.# .[....... #.#
........########.##
........#..{.@....#
........'..########
........####
........# ..
........# ..
........# .#
######### .# .#


There were no monsters in sight!

Vanquished Creatures
  A lemure (D:5)
  A scorpion (D:5)
  A bullfrog zombie (D:5)
  2 hounds
  An iguana (D:4)
  Terence (D:3)
  A scorpion zombie (D:5)
  2 orc wizards (D:3)
  2 hound skeletons
  5 adders
  4 gnolls (D:3)
  An ufetubus (D:5)
  2 worms
  2 dart slugs
  10 orcs (D:3)
  2 bats
  5 endoplasms
  2 giant cockroaches (D:2)
  8 goblins
  6 hobgoblins
  2 jackals (D:1)
  4 quokkas
  5 ball pythons
  6 frilled lizards
  3 kobolds
  3 rats
82 creatures vanquished.

Vanquished Creatures (others)
  An orc wizard (D:3)
  3 orcs (D:3)
4 creatures vanquished.

Grand Total: 86 creatures vanquished

Notes
Turn   | Place    | Note
-------+----------+-------------------------------------------
     0 | D:1      | calewdscratch the Gargoyle Conjurer began the quest for the
                  | Orb.
     0 | D:1      | Reached XP level 1. HP: 10/10 MP: 3/3
    31 | D:1      | Noticed an iguana
    31 | D:1      | Noticed an imperial myrmidon
    32 | D:1      | Noticed a frost giant
   294 | D:1      | Reached XP level 2. HP: 15/15 MP: 3/5
   318 | D:1      | Learned a level 2 spell: Searing Ray
   773 | D:1      | Reached skill level 1 in Hexes
  1020 | D:2      | Found a faded altar of an unknown god.
  1190 | D:2      | Reached XP level 3. HP: 19/19 MP: 2/6
  1931 | D:2      | Reached skill level 5 in Conjurations
  1931 | D:2      | Reached XP level 4. HP: 24/24 MP: 4/8
  2513 | D:3      | Found a radiant altar of Vehumet.
  2526 | D:3      | Became a worshipper of Vehumet
  2736 | D:3      | Noticed Terence
  2757 | D:3      | Killed Terence
  2758 | D:3      | Reached XP level 5. HP: 10/28 MP: 0/9
  3031 | D:3      | Found a bloodstained altar of Trog.
  3377 | D:3      | Found an opulent altar of Gozag.
  4027 | D:3      | Reached XP level 6. HP: 32/32 MP: 5/11
  4793 | D:4      | Found Ripish's Book Shop.
  5013 | D:4      | Found a staircase to the Ecumenical Temple.
  5157 | D:5      | Entered Level 5 of the Dungeon
  5163 | D:5      | Reached skill level 6 in Conjurations
  5356 | D:5      | Found a shadowy altar of Dithmenos.
  5604 | D:5      | Identified the +2 short sword of Plunder {vorpal, rC- Int-5
                  | Dex+8 SInv}
  5860 | D:5      | Reached XP level 7. HP: 36/36 MP: 7/13
  6091 | D:5      | Noticed Sigmund
  6114 | D:5      | Slain by Sigmund

Illustrated notes

Levels and vault maps discovered:
D:1:      onia_arrival_zoo_common, layout_loops_ring, minmay_heptomino_d4
D:2:      layout_basic, hellmonk_ecumenical_altar_leap_of_faith
D:3:      layout_loops_cross, mainiacjoe_overflow_paths, lemuel_doored_altar,
          fiery_altar_vehumet, grunt_ministairs_15, kennysheep_generic_room_9,
          uniq_terence
D:4:      layout_basic, minmay_temple_entry_nine_rooms, serial_shops,
          nicolae_shop_trees
D:5:      layout_basic, marbit_many_paths, mainiacjoe_overflow_tiny_flanked,
          uniq_sigmund, uniq_pikel

Skill      XL: |  1  2  3  4  5  6 |
---------------+-------------------+-----
Hexes          | 1 2 3 |  3.1
Conjurations   | 5 6 |  6.4
Spellcasting   | 3 4 |  4.4
Dodging        | |  1.5
Stealth        | |  2.1

Action                   |  1- 3 |  4- 6 |  7- 9 || total
-------------------------+-------+-------+-------++-------
Melee: Club              |     4 |       |       ||     4
       Whip              |       |    17 |       ||    17
       Spear             |       |     7 |       ||     7
 Cast: Magic Dart        |    60 |    45 |     2 ||   107
       Searing Ray       |     2 |    20 |     3 ||    25
Armor: Robe              |     2 |    17 |     1 ||    20
Dodge: Dodged            |     7 |    26 |       ||    33
